 Dungeon Crawl Stone Soup version 0.21.1-1-g345015f (webtiles) character file.

14 SaintRoka the Insei (level 2, 0/14 HPs)
             Began as a Vine Stalker Transmuter on May 19, 2018.
             Succumbed to an adder's poison
             ... on level 2 of the Dungeon.
             The game lasted 00:02:49 (461 turns).

SaintRoka the Insei (Vine Stalker Transmuter)        Turns: 461, Time: 00:02:50

Health: 0/14       AC:  2    Str: 12    XL:     2   Next: 45%
Magic:  2/6        EV: 12    Int: 13    God:
Gold:   51         SH:  0    Dex: 14    Spells: 4/5 levels left

rFire    . . .     SeeInvis .     - Unarmed
rCold    + . .     Gourm    .   (no shield)
rNeg     . . .     Faith    .   b - +0 robe
rPois    .         Spirit   +   (no helmet)
rElec    .         Reflect  .   (no cloak)
rCorr    .         Harm     .   (no gloves)
MR       .....                  (no boots)
Stlth    +.........             (no amulet)
HPRegen  0.04/turn              g - ring of protection from cold
MPRegen  0.10/turn              (no ring)

@: lethally poisoned (0 -> -4), appendage (expiring)
A: fangs 2, horns 2, magic shield, antimagic bite, no potion heal 3, rot
immunity
a: End Transformation


You were on level 2 of the Dungeon.
You were not hungry.
You had grown temporary horns.
You visited 1 branch of the dungeon, and saw 2 of its levels.

You collected 51 gold pieces.

Inventory:

Missiles
 a - 12 arrows
Armour
 b - a +0 robe (worn)
Jewellery
 g - a ring of protection from cold (left hand)
Scrolls
 e - a scroll of identify {unknown}
 f - 2 scrolls of blinking {unknown}
 h - a scroll of remove curse {unknown}
 i - a scroll of fear {unknown}
Books
 c - a book of Changes

   Spells                             Type                      Level
   a - Beastly Appendage              Transmutation                1
   b - Sticks to Snakes               Transmutation                2
   c - Spider Form                    Transmutation/Poison         3
   d - Ice Form                       Ice/Transmutation            4
   e - Blade Hands                    Transmutation                5
Comestibles
 d - a ration


   Skills:
 + Level 1.2 Fighting
 + Level 1.8 Dodging
 + Level 3.1 Unarmed Combat
 + Level 2.4 Spellcasting
 + Level 2.2 Transmutations


You had 4 spell levels left.
You knew the following spells:

 Your Spells              Type           Power        Failure   Level  Hunger
a - Beastly Appendage     Tmut           #.....       10%         1    #......


Dungeon Overview and Level Annotations

Branches:
Dungeon (2/15)

Altars:
Fedhas
Uskayaw


Innate Abilities, Weirdness & Mutations

You have extremely sharp teeth.
When hurt, damage is shared between your health and your magic reserves.
Your bite disrupts and absorbs the magic of your enemies.
Potions cannot restore your health.
You are immune to rotting.
You have a pair of horns on your head.


Message History

* * * LOW HITPOINT WARNING * * *
You feel sick. The adder closely misses you.
The hobgoblin throws a stone.
The stone hits you but does no damage.
You see here 2 stones.
You take 1 damage, and have 5/14 hp.
The hobgoblin throws a stone.
The stone hits you.
* * * LOW HITPOINT WARNING * * *
You see here a stone.
You take 1 damage, and have 4/14 hp.
The adder bites you.
* * * LOW HITPOINT WARNING * * *
The hobgoblin throws a stone.
The stone barely misses you.
You see here a stone.
You take 2 damage, and have 2/14 hp.
You now have 1/6 mp.
Your transformation is almost over.
* * * LOW HITPOINT WARNING * * *
You feel sick.
You take 1 damage, and have 1/14 hp.
The adder closely misses you.
You die...

#
#######...............#
.................###..#
...........†.....#
..............#.##
..............#.#
......[...##....#
..........##....#
b.........##....# ..
..........###.@.# ..#
..#.....#.. ##..####...
#
###......###S.........
##.#.....#.........# #.
#...>(....##...
#...###..(.###.#.# #
##.(.......
###(...#.#..
#...(.g.....


You could see an adder.

Vanquished Creatures
  3 giant cockroaches (D:1)
  2 goblins
  2 hobgoblins
  A quokka (D:2)
  2 bats (D:2)
  A kobold (D:1)
  A rat (D:1)
12 creatures vanquished.

Notes
Turn   | Place    | Note
-------+----------+-------------------------------------------
     0 | D:1      | SaintRoka the Vine Stalker Transmuter began the quest for the Orb.
     0 | D:1      | Reached XP level 1. HP: 9/9 MP: 4/4
   168 | D:1      | Reached skill level 1 in Fighting
   227 | D:1      | Reached XP level 2. HP: 8/14 MP: 6/6
   372 | D:2      | Found a blossoming altar of Fedhas.
   372 | D:2      | Found a hide-covered altar of Uskayaw.
   461 | D:2      | Succumbed to an adder's poison

Skill      XL: |  1 |
---------------+----+-----
Fighting       | 1 |  1.2
Dodging        | |  1.8
Unarmed Combat | |  3.1
Spellcasting   | |  2.4
Transmutations | |  2.2

Action                   || total
-------------------------++-------
Melee: Unarmed           ||    47
       Bite              ||    12
       Headbutt          ||     1
       Kick              ||     4
       Punch             ||     1
 Cast: Beastly Appendage ||     4
Armor: Robe              ||     8
Dodge: Dodged            ||    40
